 Dungeon Crawl Stone Soup version 0.29-a0-464-g50448035db (webtiles) character file.

Game seed: 3780513913922022498

3009 Bruhh the Fighter (level 9, -2/106 HPs)
             Began as an Ogre Fighter on May 20, 2022.
             Was a Believer of Okawaru.
             Slain by a killer bee (6 damage)
             ... on level 8 of the Dungeon.
             The game lasted 00:09:15 (11290 turns).

Bruhh the Fighter (Ogre Fighter)                   Turns: 11290, Time: 00:09:17

Health: -2/106     AC:  3    Str: 26    XL:     9   Next: 84%
Magic:  9/9        EV:  8    Int: 15    God:    Okawaru [**....]
Gold:   321        SH:  7    Dex:  8    Spells: 8/8 levels left

rFire   . . .      SeeInvis +   w - +2 hand axe (flame)
rCold   . . .      Faith    .   c - +0 kite shield
rNeg    . . .      Spirit   .   b - +0 robe
rPois   .          Reflect  .   (helmet restricted)
rElec   .          Harm     .   (no cloak)
rCorr   .          Rampage  .   (gloves unavailable)
Will    .....                   (boots unavailable)
Stlth   +.........              H - amulet of the acrobat
HPRegen 0.27/turn               C - +6 ring of intelligence
MPRegen 0.11/turn               I - ring of see invisible

@: lethally poisoned (-2 -> -21)
A: large, unfitting armour, tough skin 1
a: Renounce Religion, Heroism


You were on level 8 of the Dungeon.
You worshipped Okawaru.
Okawaru was pleased with you.
You visited 2 branches of the dungeon, and saw 9 of its levels.
You also visited: Sewer.

You collected 321 gold pieces.

Inventory:

Hand Weapons
 a - a +0 war axe
 w - a +2 hand axe of flaming (weapon)
Missiles
 l - 26 poisoned darts (quivered)
 K - 2 throwing nets
Armour
 b - a +0 robe (worn)
 c - a +0 kite shield (worn)
Jewellery
 r - a ring of fire
 C - a +6 ring of intelligence (left hand)
 F - a +6 ring of intelligence
 G - a ring of wizardry
 H - an amulet of the acrobat (around neck)
 I - a ring of see invisible (right hand)
Wands
 x - a wand of flame (15)
Scrolls
 d - 2 scrolls of enchant armour
 f - 2 scrolls of amnesia
 g - a scroll of enchant weapon
 h - a scroll of summoning
 k - 2 scrolls of noise
 m - a scroll of silence
 n - a scroll of teleportation
 p - a scroll of blinking
 q - a scroll of torment
 y - a scroll of fear {unknown}
 z - 2 scrolls of vulnerability
 A - 2 scrolls of poison {unknown}
 D - 2 scrolls of immolation {unknown}
 J - a scroll of fog {unknown}
Potions
 e - a potion of haste {unknown}
 i - a potion of ambrosia
 j - 3 potions of resistance
 s - a potion of lignification {unknown}
 t - a potion of brilliance {unknown}
 u - 2 potions of cancellation
 v - a potion of invisibility {unknown}
 B - a potion of degeneration {unknown}
 E - 2 potions of curing {unknown}


   Skills:
 - Level 12.0 Fighting
 + Level 10.4 Axes
 - Level 2.6 Dodging
 - Level 3.0 Shields


You had 8 spell levels left.
You didn't know any spells.
Your spell library contained the following spells:

 Spells                   Type           Power      Damage    Failure   Level
 Apportation              Tloc           0%         N/A       54%         1
 Necrotize                Necr           0%         1d4       54%         1
 Summon Small Mammal      Summ           Unusable   N/A       N/A         1

Dungeon Overview and Level Annotations

Branches:
Dungeon (8/15)             Temple (1/1) D:4           Sewer (visited)
   Lair: D:8-11

Altars:
Ashenzari
Dithmenos
Fedhas
Gozag
Hepliaklqana
Kikubaaqudgha
Nemelex Xobeh
Okawaru
Sif Muna
Vehumet
Wu Jian
Xom
Yredelemnul
Zin
The Shining One


Innate Abilities, Weirdness & Mutations

You are too large for most types of armour.
You have tough skin. (AC +1)


Message History

You barely miss the killer bee.
You feel very sick.
The killer bee barely misses you. x2; The killer bee stings you. x4
The killer bee stings you! x2
You are more poisoned.
The killer bee poisons you!
You are too injured to fight recklessly!
You feel much better.
You feel very sick. The killer bee closely misses you.
The killer bee stings you! x3
* * * LOW HITPOINT WARNING * * *
The killer bee closely misses you. The killer bee barely misses you.
The killer bee stings you.
* * * LOW HITPOINT WARNING * * *
You block the killer bee's attack.
You feel protected.
You feel very sick. You block the killer bee's attack.
The killer bee closely misses you. The killer bee stings you.
* * * LOW HITPOINT WARNING * * *
The killer bee barely misses you. The killer bee stings you.
* * * LOW HITPOINT WARNING * * *
The killer bee stings you.
* * * LOW HITPOINT WARNING * * *
The killer bee stings you but does no damage.
You block the killer bee's attack.
It was a potion of cancellation.
Your magical effects are unravelling.
You feel magically purged.
Your resistance to elements expires.
You feel very sick. The killer bee stings you.
* * * LOW HITPOINT WARNING * * *
The killer bee stings you but does no damage.
The killer bee stings you.
* * * LOW HITPOINT WARNING * * *
You are more poisoned.
The killer bee poisons you! The killer bee closely misses you.
The killer bee stings you.
You die...

#............#
#............# .
##............## ..
###........).....#
...#................#
....................#
....................#
....................#
......y@y...........#
.....$yy............#
.#..................#
#.......$...........#
#..................##
#..........(.......#
.............#######
........######
....###


You could see 4 killer bees.

Vanquished Creatures
  Pikel (D:4)
  Eustachio (D:6)
  Menkaure (D:6)
  Edmund (D:6)
  A water moccasin (D:7)
  2 black bears
  2 sky beasts (D:7)
  An ice beast (D:7)
  3 ogres
  A centaur (D:6)
  3 lemures (D:4)
  A phantom (D:5)
  5 kobold brigands
  A bullfrog (D:7)
  A gnoll sergeant (D:5)
  A necrophage (D:5)
  A killer bee (D:8)
  A howler monkey (D:7)
  3 hounds
  3 jellies
  4 iguanas
  An orc wizard (D:3)
  9 gnolls
  9 adders
  2 river rats (Sewer)
  A white imp (D:7)
  4 worms
  5 dart slugs
  16 orcs
  11 endoplasms
  7 giant cockroaches
  7 goblins
  8 hobgoblins
  10 jackals
  18 kobolds
  2 quokkas
  13 ball pythons
  2 bats
  9 frilled lizards
  9 rats
  A bush (D:4)
182 creatures vanquished.

Vanquished Creatures (others)
  9 plants
9 creatures vanquished.

Grand Total: 191 creatures vanquished

Notes
Turn   | Place    | Note
-------+----------+-------------------------------------------
     0 | D:1      | Bruhh the Ogre Fighter began the quest for the Orb.
     0 | D:1      | Reached XP level 1. HP: 24/24 MP: 1/1
   224 | D:1      | Reached XP level 2. HP: 27/33 MP: 2/2
   497 | D:1      | Reached skill level 5 in Fighting
   644 | D:1      | Found a faded altar of an unknown god.
   661 | D:1      | Reached XP level 3. HP: 41/42 MP: 3/3
   991 | D:1      | Reached skill level 6 in Fighting
  1452 | D:2      | Reached XP level 4. HP: 51/53 MP: 4/4
  1941 | D:2      | Reached skill level 7 in Fighting
  2301 | D:3      | Reached XP level 5. HP: 53/62 MP: 5/5
  2486 | D:3      | Reached skill level 8 in Fighting
  2707 | D:3      | Found an ornate altar of the Wu Jian Council.
  3047 | D:4      | You fall into a shaft and drop 3 floors!
  3082 | D:7      | Reached XP level 6. HP: 68/74 MP: 6/6
  3101 | D:6      | Noticed a black bear
  3112 | D:6      | Killed a black bear
  3113 | D:6      | Reached skill level 9 in Fighting
  3124 | D:5      | Entered Level 5 of the Dungeon
  3124 | D:5      | Found a glowing drain.
  3253 | Sewer    | Entered a sewer
  3416 | Sewer    | Reached skill level 10 in Fighting
  3416 | Sewer    | Reached XP level 7. HP: 66/85 MP: 7/7
  4325 | D:5      | Reached skill level 11 in Fighting
  5461 | D:5      | Reached skill level 12 in Fighting
  5461 | D:5      | Reached XP level 8. HP: 32/98 MP: 8/8
  6549 | D:4      | Found a staircase to the Ecumenical Temple.
  6559 | Temple   | Entered the Ecumenical Temple
  6605 | Temple   | Became a worshipper of Warmaster Okawaru
  6714 | D:4      | Noticed Pikel
  7275 | D:4      | Killed Pikel
  7793 | D:6      | Reached * piety under Okawaru
  7854 | D:6      | Found a glowing golden altar of the Shining One.
  7854 | D:6      | Found a shadowy altar of Dithmenos.
  7854 | D:6      | Found an ancient bone altar of Kikubaaqudgha.
  7854 | D:6      | Found a basalt altar of Yredelemnul.
  7855 | D:6      | Found an opulent altar of Gozag.
  7855 | D:6      | Found a shimmering blue altar of Sif Muna.
  7855 | D:6      | Found a broken altar of Ashenzari.
  7856 | D:6      | Found a radiant altar of Vehumet.
  7856 | D:6      | Found a blossoming altar of Fedhas.
  8714 | D:6      | Reached XP level 9. HP: 82/106 MP: 9/9
  9359 | D:6      | Noticed Edmund
  9359 | D:6      | Noticed Eustachio
  9367 | D:6      | Killed Edmund
  9371 | D:6      | Killed Eustachio
  9686 | D:6      | Found a sparkling altar of Nemelex Xobeh.
  9717 | D:6      | Noticed Menkaure
  9750 | D:6      | Killed Menkaure
  9750 | D:6      | Reached ** piety under Okawaru
 10616 | D:7      | Found a glowing silver altar of Zin.
 10671 | D:7      | Reached skill level 10 in Axes
 11290 | D:8      | HP: 4/106 [killer bee (3)]
 11290 | D:8      | Slain by a killer bee

Illustrated notes

Levels and vault maps discovered:
D:1:      dpeg_arrival_ternary, layout_loops_ring, ebering_ecumenical_altar_rust
D:2:      layout_basic
D:3:      layout_loops_ring, old_standard_altar, kennysheep_cross_room
D:4:      layout_cave_pools, minmay_temple_entry_arrows, serial_forest,
          infiniplex_forest_straight_5, infiniplex_forest_end_3,
          infiniplex_forest_end_3, infiniplex_forest_lined_4_way,
          infiniplex_forest_clump_tiny, infiniplex_forest_clump_diagonal,
          uniq_pikel
D:5:      wander_river, layout_basic, portal_sewer_entry_a
D:6:      layout_gridville, nicolae_overflows_in_rows, uniq_eustachio,
          uniq_menkaure, uniq_edmund
D:7:      layout_basic, mainiacjoe_overflow_boulevard
D:8:      layout_layer_cave, chequers_serial_rivers_small_3, chequers_jeans,
          minmay_misc_feat_encased, nicolae_shop_self_help, uniq_maurice
Temple:   nicolae_temple_figure_zero

Skill      XL: |  1  2  3  4  5  6  7  8  9 |
---------------+----------------------------+-----
Fighting       | 5 6 7 8 10 12 | 12.0
Axes           | 7 10 | 10.4
Dodging        | |  2.6
Shields        | |  3.0

Action                   |  1- 3 |  4- 6 |  7- 9 || total
-------------------------+-------+-------+-------++-------
Melee: War axe           |    78 |   178 |    77 ||   333
       Hand axe          |       |       |   284 ||   284
  Use: Potion            |     1 |       |     7 ||     8
       Scroll            |       |     6 |     4 ||    10
Armor: Robe              |    25 |    52 |    51 ||   128
Dodge: Dodged            |    37 |    66 |   118 ||   221
Block: Kite shield       |    38 |    86 |   119 ||   243

Table legend: (Time is in decaauts)
 A = Elapsed time spent in this place.
 B = Non-inter-level travel time spent in this place.
 C = Inter-level travel time spent in this place.
 D = Time resting spent in this place.
 E = Time spent auto-exploring this place.
 F = Levels seen in this place.
 G = Mean time per level.
                   A        B        C        D        E       F      G
               +--------+--------+--------+--------+--------+-----+--------+
         Total |  11639 |  11518 |    121 |   2134 |   7657 |  10 | 1163.9 |
       Dungeon |  10358 |  10237 |    121 |   2134 |   6590 |   8 | 1294.8 |
        Temple |     56 |     56 |      0 |      0 |     40 |   1 |   56.0 |
         Sewer |   1224 |   1224 |      0 |      0 |   1026 |   1 | 1224.0 |
               +--------+--------+--------+--------+--------+-----+--------+

Top non-repeatable levels by time:
     D:5: 2961 daAuts
     D:6: 1702 daAuts
     D:3: 1557 daAuts
     D:1: 1246 daAuts
   Sewer: 1224 daAuts
     D:7: 1196 daAuts
     D:4: 836 daAuts
     D:2: 826 daAuts
  Temple: 56 daAuts
     D:8: 30 daAuts
